Map: King's Cove LE

Players

MaSa - Winner!

  • Race: Terran Terran
  • League: Master
  • Spawn Location: 5:00

Probe

  • Race: Protoss Protoss
  • League: Master
  • Spawn Location: 11:00

Event: 2019 WCS Winter Americas

VOD

Have the link to the VOD?

Description

Time

  • Played on: March 24, 2019, 2:29 p.m.
  • Length: 11:27

All games in this series

Show
View Real Time Build Order
Export as new Build Order

MaSa Terran - Winner!

Build Orders: Reaper Expand 

Get SALT Encoding   

  12  0:01  SCV  
  13  0:13  SCV  
  14  0:18  Supply Depot  
  14  0:25  SCV  
  15  0:39  SCV  
  15  0:41  Barracks  
  16  0:44  Refinery  
  16  0:51  SCV  
  17  1:03  SCV  
  18  1:16  SCV  
  19  1:28  Reaper, Orbital Command  
  20  1:41  Command Center  
  20  1:54  SCV, Supply Depot  
  20  2:00  Marine  
  22  2:07  SCV  
  23  2:14  Factory  
  23  2:19  SCV  
  23  2:21  Barracks Reactor  
  24  2:26  Barracks  
  24  2:31  SCV  
  24  2:35  Refinery  
  25  2:43  SCV  
  26  2:53  Orbital Command  
  26  2:55  SCV  
  26  2:58  Marine x2  
  27  2:59  Factory Tech Lab  
  29  3:08  SCV  
  30  3:14  Barracks Tech Lab  
  30  3:16  Marine x2  
  35  3:20  SCV  
  35  3:21  SCV  
  35  3:26  Siege Tank  
  37  3:32  SCV  
  37  3:34  SCV, Marine x2  
  38  3:36  Marine  
  38  3:38  Stimpack  
  41  3:42  Supply Depot  
  41  3:44  SCV  
  42  3:49  SCV  
  42  3:51  Starport  
  42  3:53  Marine  
  42  3:54  Marine  
  45  3:56  Marine  
  45  4:02  Supply Depot  
  46  4:03  SCV  
  46  4:04  SCV  
  48  4:11  Marine  
  48  4:12  Marine  
  48  4:14  Marine  
  48  4:15  SCV  
  48  4:16  SCV  
  53  4:24  Siege Tank, Barracks  
  53  4:28  Starport Reactor, Refinery  
  53  4:29  SCV  
  57  4:32  SCV  
  57  4:33  Marine  
  57  4:35  Marine  
  60  4:38  Supply Depot  
  60  4:43  Engineering Bay  
  60  4:44  SCV  
  62  4:45  SCV  
  62  4:53  Refinery  
  62  4:59  Marine x2  
  62  5:00  SCV, Siege Tank  
  62  5:01  SCV  
  69  5:10  Supply Depot  
  69  5:11  Terran Infantry Weapons Level 1  
  69  5:12  Supply Depot  
  69  5:16  SCV  
  69  5:18  Barracks Reactor  
  70  5:30  Barracks  
  70  5:31  SCV, Marine, Barracks  
  70  5:32  Supply Depot  
  72  5:39  Siege Tank  
  72  5:41  Combat Shield  
  72  5:42  SCV  
  76  5:47  Medivac  
  78  5:55  SCV x2  
  78  5:56  Supply Depot, Marine x2  
  82  5:58  Marine  
  82  5:59  Marine  
  82  6:03  Marauder  
  86  6:06  Supply Depot  
  86  6:07  SCV  
  86  6:09  Supply Depot  
  86  6:13  Medivac, Marine  
  86  6:16  Medivac  
  91  6:21  Barracks Tech Lab  
  91  6:25  Barracks Tech Lab  
  91  6:27  Siege Tank  
  91  6:28  Marine  
  91  6:29  Marine  
  94  6:34  SCV  
  94  6:38  SCV  
  94  6:39  Marauder, Marine x3  
  100  6:43  Supply Depot  
  100  6:44  Concussive Shells  
  100  6:46  SCV  
  101  6:50  SCV  
  101  6:53  Marine  
  101  6:54  Marauder, Marine  
  106  6:56  Liberator  
  106  6:58  SCV, Supply Depot  
  107  7:05  Marauder, Marine x3  
  112  7:13  Medivac  
  112  7:15  Marine  
  117  7:27  SCV x2  
  117  7:28  Terran Infantry Armor Level 1, Supply Depot  
  119  7:30  Marauder, Marine x2  
  119  7:32  Marine  
  123  7:40  Liberator x2  
  123  7:46  Bunker  
  123  7:50  Marauder, SCV, Marine x3  
  129  7:52  Bunker  
  135  8:02  Marine  
  135  8:03  Marauder, Marine  
  139  8:13  Marine  
  139  8:14  Marauder  
  141  8:20  Siege Tank  
  142  8:33  Supply Depot  
  142  8:34  Supply Depot  
  142  8:41  Marine  
  142  8:43  Marine  
  142  8:44  Marine  
  142  8:54  Marine  
  142  8:55  Marauder x2, Siege Tank  
  150  8:57  Marauder  
  150  8:59  Marine  
  150  9:01  Marine  
  150  9:02  Marine  
  151  9:19  Marine  
  151  9:20  Marauder, Marine  
  154  9:25  Marine  
  154  9:26  Marauder, Marine x2  
  154  9:27  Siege Tank  
  156  9:37  Marine x2  
  156  9:41  Marauder  
  156  9:43  Marine  
  156  9:45  Marine  
  158  9:47  Marine  
  156  9:53  Marauder  
  156  9:56  Marine  
  156  9:57  Marine  
  156  9:59  Siege Tank  
  145  10:01  Marine  
  145  10:02  Marine  
  145  10:03  Marauder  
  145  10:05  Marauder  
  135  10:14  Marine x2  
  120  10:15  Marine  
  120  10:19  Marine  
  120  10:20  Marine  
  122  10:24  Marauder  
  122  10:27  Marauder  
  126  10:31  Siege Tank, Marine  
  126  10:32  Marine  
  126  10:33  Marine  
  130  10:38  Command Center, Marine x2  
  131  10:45  Marauder  
  131  10:48  Marauder  
  131  10:49  Marine  
  126  10:50  Marine  
Show
View Real Time Build Order
Export as new Build Order

Probe Protoss 

Build Orders: 1 Gate Expand, Blink Stalkers, Colossus Rush 

Get SALT Encoding   

  12  0:01  Probe  
  13  0:13  Probe  
  14  0:20  Pylon  
  14  0:25  Probe  
  15  0:34  Probe  
  15  0:41  Gateway  
  16  0:42  Probe  
  16  0:48  Assimilator  
  17  0:53  Probe  
  18  1:05  Probe  
  19  1:17  Probe  
  20  1:27  Nexus  
  20  1:35  Cybernetics Core  
  20  1:42  Assimilator, Probe  
  21  1:54  Probe, Pylon  
  22  2:03  Adept  
  22  2:05  Probe  
  23  2:13  Warp Gate, Probe  
  25  2:21  Probe  
  25  2:27  Twilight Council  
  26  2:33  Probe  
  26  2:35  Stalker  
  26  2:36  Probe  
  30  2:45  Probe x2  
  32  2:55  Probe  
  32  2:57  Probe  
  34  3:05  Probe  
  34  3:06  Blink  
  34  3:07  Probe  
  36  3:13  Probe  
  36  3:19  Probe  
  38  3:21  Robotics Facility  
  38  3:23  Probe  
  39  3:31  Probe  
  40  3:35  Probe  
  40  3:41  Gateway x2  
  41  3:43  Probe x2  
  41  3:44  Pylon  
  43  3:51  Probe  
  45  3:55  Probe  
  45  3:57  Pylon  
  45  4:01  Observer, Assimilator  
  45  4:02  Probe  
  45  4:04  Stalker  
  45  4:07  Probe  
  45  4:08  Assimilator  
  50  4:14  Probe  
  50  4:15  Pylon  
  51  4:19  Probe, Shield Battery  
  51  4:22  Observer  
  53  4:26  Probe  
  53  4:30  Stalker  
  56  4:32  Probe  
  56  4:35  Robotics Bay  
  57  4:38  Forge  
  57  4:45  Observer  
  58  4:46  Pylon  
  58  4:48  Stalker  
  58  4:50  Stalker  
  58  4:52  Probe x2  
  64  4:59  Shield Battery  
  64  5:15  Colossus  
  64  5:17  Nexus  
  64  5:21  Sentry  
  64  5:23  Protoss Ground Weapons Level 1  
  71  5:29  Charge  
  71  5:36  Gateway  
  71  5:38  Gateway  
  71  5:40  Gateway  
  71  5:48  Zealot, Sentry, Pylon  
  75  5:53  Probe  
  75  5:54  Probe  
  77  6:06  Probe  
  77  6:07  Probe  
  77  6:10  Zealot, Sentry  
  83  6:13  Pylon  
  83  6:15  Pylon  
  83  6:17  Pylon  
  83  6:26  Probe x2  
  83  6:29  Colossus  
  83  6:30  Probe  
  90  6:41  Probe  
  90  6:42  Probe  
  90  6:44  Stalker  
  90  6:45  Stalker x2, Zealot  
  90  6:46  Zealot x2  
  104  6:48  Probe  
  104  6:49  Observer  
  104  6:54  Probe  
  106  6:58  Gateway  
  106  7:01  Gateway  
  106  7:11  Zealot x2  
  106  7:12  Zealot x4  
  106  7:14  Probe x2  
  120  7:15  Probe  
  121  7:24  Shield Battery  
  121  7:25  Disruptor, Shield Battery  
  121  7:26  Probe  
  121  7:29  Observer  
  125  7:32  Pylon  
  125  7:36  Photon Cannon  
  123  7:54  Stalker x3, Sentry, Pylon  
  123  7:58  Pylon  
  131  7:59  Pylon  
  131  8:00  Pylon  
  131  8:01  Disruptor  
  132  8:06  Pylon  
  132  8:07  Pylon  
  132  8:10  Pylon  
  129  8:14  Zealot x4  
  137  8:22  Zealot  
  137  8:23  Zealot x2  
  139  8:29  Zealot  
  141  8:35  Stalker x4  
  141  8:36  Disruptor  
  141  8:37  Protoss Ground Armor Level 1  
  148  8:49  Sentry  
  148  8:50  Zealot x3  
  156  9:05  Zealot x4  
  156  9:07  Pylon  
  164  9:12  Disruptor  
  167  9:20  Zealot  
  167  9:21  Zealot x3  
  169  9:34  Zealot x4  
  171  9:44  Zealot  
  171  9:45  Zealot x3  
  167  9:48  Disruptor  
  164  9:57  Zealot x4  
  165  10:03  Observer  
  127  10:10  Stalker  
  127  10:11  Stalker x3  
  92  10:18  Stalker x2  
  92  10:19  Stalker x2  
  96  10:23  Disruptor  
  95  10:36  Zealot x4  
  96  10:44  Stalker x4  
Tags
 
Add a new tag
Caveats
  • Supply blocks, unpowered buildings, or Contaminate may cause inaccurate times.
  • Supply counts are checked every 10 seconds.